 Dungeon Crawl Stone Soup version 0.28.0-43-g3370ac3207 (webtiles) character file.

Game seed: 16425688912968201783

39 DrunkBamboolord the Gusty (level 3, -2/19 HPs)
             Began as a Tengu Air Elementalist on Mar 6, 2022.
             Slain by an adder (3 damage)
             ... on level 2 of the Dungeon.
             The game lasted 00:03:51 (1473 turns).

DrunkBamboolord the Gusty (Tengu Air Elementalist)  Turns: 1473, Time: 00:03:52

Health: -2/19      AC:  2    Str:  8    XL:     3   Next: 45%
Magic:  0/7        EV: 12    Int: 17    God:
Gold:   49         SH:  0    Dex: 14    Spells: 1/7 levels left

rFire   . . .      SeeInvis .   (no weapon)
rCold   . . .      Faith    .   (no shield)
rNeg    . . .      Spirit   .   a - +0 robe
rPois   .          Reflect  .   (helmet restricted)
rElec   .          Harm     .   (no cloak)
rCorr   .          Rampage  .   (no gloves)
Will    .....                   (boots unavailable)
Stlth   ++........              (no amulet)
HPRegen 0.06/turn               (no ring)
MPRegen 0.10/turn               (no ring)

@: lethally poisoned (-2 -> -5), attractive
A: beak, talons 3
a: no special abilities


You were on level 2 of the Dungeon.
You visited 1 branch of the dungeon, and saw 2 of its levels.

You collected 49 gold pieces.

Inventory:

Armour
 a - a +0 robe (worn)
Jewellery
 c - a ring of fire
Scrolls
 b - a scroll of enchant armour {unknown}
 f - a scroll of noise {unknown}
Potions
 d - a potion of lignification


   Skills:
 * Level 2.4 Dodging
 + Level 2.0 Stealth
 * Level 2.5 Spellcasting
 * Level 2.1 Conjurations
 * Level 4.9 Air Magic


You had one spell level left.
You knew the following spells:

 Your Spells              Type           Power      Damage    Failure   Level
a - Shock                 Conj/Air       56%        1d6       4%          1
b - Static Discharge      Conj/Air       14%        N/A       7%          2
c - Swiftness             Air            18%        N/A       7%          3

Your spell library contained the following spells:

 Spells                   Type           Power      Damage    Failure   Level
 Airstrike                Air            9%         N/A       24%         4


Dungeon Overview and Level Annotations

Branches:
Dungeon (2/15)

Altars:


Innate Abilities, Weirdness & Mutations

You have a beak for a mouth.
You have claws for feet.


Message History

Unknown command.
You hit the adder but do no damage.
The adder is severely wounded.
The adder bites you.
You are poisoned.
The adder poisons you!
You feel sick. The adder bites you.
There is an open door here.
You feel sick.
You feel sick.
You feel sick. The adder bites you but does no damage.
You feel sick.
You are no longer poisoned.
There is an open door here.
Aiming: Shock (safe; 4% risk of failure)
Press: ? - help, Q - select action, (/) - cycle Shift-Dir - straight line, f/p - adder
Aim: an adder (severely wounded, 53% to hit)
The zap hits the adder.
The adder is almost dead.
The adder bites you. The adder barely misses you. The adder barely misses you.
You see here a +0 spear.
The adder misses you. The adder bites you.
* * * LOW HITPOINT WARNING * * *
There is an open door, spattered with blood here.
Aiming: Shock (safe; 4% risk of failure)
Press: ? - help, Q - select action, (/) - cycle Shift-Dir - straight line, f/p - adder
Aim: an adder (almost dead, 53% to hit)
The zap misses the adder.
The adder bites you.
* * * LOW HITPOINT WARNING * * *
You are lethally poisoned!
The adder poisons you!
It was a potion of attraction.
You feel attractive to monsters.
* * * LOW HITPOINT WARNING * * *
You feel sick. The adder bites you.
You die...

#.. ... ### #.#####
...#.#...
#.#.#.#.#############
#.(..>..............+ )
#.#.#<#)####...######...
# #(#.####...###......
#.#...@S...'.'....†.
#.######...###!?.).. #.#
#...# ..... ..# #...#
###. ### #...# #####


You could see an adder.

Vanquished Creatures
  A dart slug (D:1)
  2 ball pythons (D:1)
  A bat (D:1)
  6 endoplasms (D:1)
  4 goblins
  4 hobgoblins
  3 jackals (D:1)
  4 kobolds
  A quokka (D:1)
  A frilled lizard (D:1)
  2 rats (D:1)
29 creatures vanquished.

Notes
Turn   | Place    | Note
-------+----------+-------------------------------------------
     0 | D:1      | DrunkBamboolord the Tengu Air Elementalist began the quest
                  | for the Orb.
     0 | D:1      | Reached XP level 1. HP: 10/10 MP: 4/4
   181 | D:1      | Reached XP level 2. HP: 11/15 MP: 0/6
   184 | D:1      | Learned a level 2 spell: Static Discharge
   874 | D:1      | Reached XP level 3. HP: 19/19 MP: 2/7
   930 | D:1      | Learned a level 3 spell: Swiftness
  1473 | D:2      | Slain by an adder

Illustrated notes

Levels and vault maps discovered:
D:1:      dpeg_arrival_tiny_i, layout_basic, nrook_mini_vaults
D:2:      minmay_diamond_boxcup, layout_basic

Skill      XL: |  1  2 |
---------------+-------+-----
Conjurations   | 2 |  2.1
Dodging        | |  2.4
Stealth        | |  2.0
Spellcasting   | |  2.5
Air Magic      | |  4.9

Action                   || total
-------------------------++-------
Melee: Unarmed           ||     1
 Cast: Shock             ||    57
  Use: Scroll            ||     1
       Potion            ||     1
Armor: Robe              ||     1
Dodge: Dodged            ||     4
